 Dungeon Crawl Stone Soup version 0.19.4-8-ga85b6b9 (webtiles) character file.

732019 Griselidis the Merry Centaur (level 27, -2/339 (342) HPs)
             Began as a Centaur Hunter on Feb 11, 2017.
             Was an Elder of the Shining One.
             Slain by a shard shrike (5 damage)
             ... on level 6 of Cocytus on Feb 14, 2017.
             The game lasted 11:57:27 (119168 turns).

Griselidis the Merry Centaur (Centaur Hunter)     Turns: 119168, Time: 11:57:28

HP:   -2/339 (342)  AC: 30    Str: 27    XL:     27
MP:   26/36         EV:  7    Int: 11    God:    the Shining One [****..]
Gold: 2962          SH: 15    Dex: 20    Spells: 6 memorised, 41 levels left

rFire  + + .     SeeInvis .     m - +5 great sword (holy)
rCold  + + .     Gourm    .     Y - +4 chain mail of the Eight Gods {rF+ rC+ Str+4}
rNeg   + + +     Faith    .     (shield currently unavailable)
rPois  +         Spirit   .     w - +0 hat "Ucreshis" {MR+}
rElec  +         Reflect  +     R - +2 ratskin cloak {rPois rN+ Int-1 Dex-1}
rCorr  .         Harm     .     t - +2 pair of gloves "Meywkifa" {rN+ Int+2}
MR     ++++.                    W - +4 centaur barding {rF+}
Stlth  ..........               u - amulet "Duumefi" {Reflect rElec rPois SH+3}
                                v - ring of flight
                                z - ring "Nimm" {rC+ MR+ Str+3}

@: berserking, divine shield, very slightly contaminated, hasted, glowing, very
quick
A: antennae 1, hooves 3, thin metallic scales 1, camouflage 2, deformed body,
speed 2, frail 1, low mp 1, tough skin 3, weak 1, no device heal 1
a: Divine Shield, Cleansing Flame, Renounce Religion, Evoke Flight
}: 5/15 runes: decaying, serpentine, slimy, silver, abyssal


You were on level 6 of Cocytus.
You worshipped the Shining One.
The Shining One was greatly pleased with you.
You were not hungry.

You visited 13 branches of the dungeon, and saw 60 of its levels.
You visited the Abyss 2 times.
You visited 1 bazaar.
You also visited: Sewer, Ice Cave and Desolation.

You collected 7816 gold pieces.
You spent 4854 gold pieces at shops.

Inventory:

Hand Weapons
 k - the +9 shortbow "Vorpheex" {velocity, Str+3 Dex+4}
   (You found it on level 5 of the Pits of Slime)

   Any arrow fired from it inflicts extra damage.
   It affects your strength (+3).
   It affects your dexterity (+4).
 l - the +9 dagger of Chilly Death {flash freeze, rPois rF- rC++ MR+}
   (You found it on level 5 of the Pits of Slime)

   It has been specially enchanted to freeze those struck by it, causing extra
   injury to most foes and up to half again as much damage against particularly
   susceptible opponents.
   It can also slow down cold-blooded creatures.
   It makes you vulnerable to fire.
   It greatly protects you from cold.
   It protects you from poison.
   It affects your resistance to hostile enchantments.
 m - a +5 great sword of holy wrath (weapon)
 n - a +9 longbow of flaming
 K - a +2 longbow of freezing
Missiles
 d - 896 arrows
Armour
 t - the +2 pair of gloves "Meywkifa" (worn) {rN+ Int+2}
   (You bought it in a shop on level 12 of the Dungeon)

   It affects your intelligence (+2).
   It protects you from negative energy.
 w - the +0 hat "Ucreshis" (worn) {MR+}
   (You found it on level 5 of the Vaults)

   It affects your resistance to hostile enchantments.
 R - the +2 ratskin cloak (worn) {rPois rN+ Int-1 Dex-1}
   (You bought it in a shop on level 12 of the Dungeon)

   It affects your intelligence (-1).
   It affects your dexterity (-1).
   It protects you from poison.
   It protects you from negative energy.
 W - a +4 centaur barding of fire resistance (worn)
 Y - the +4 chain mail of the Eight Gods (worn) {rF+ rC+ Str+4}
   (You found it in the Desolation of Salt)

   It affects your strength (+4).
   It protects you from fire.
   It protects you from cold.
Rods
 O - a +9 iron rod (10/10)
   (You found it on level 5 of the Pits of Slime)
Jewellery
 c - an uncursed ring of see invisible
 u - the amulet "Duumefi" (around neck) {Reflect rElec rPois SH+3}
   (You took it off a deep elf annihilator on level 3 of the Elven Halls)

   [amulet of reflection]

   It shields you and reflects attacks.
   It insulates you from electricity.
   It protects you from poison.
   It affects your SH (+3).
 v - a ring of flight (right hand)
 x - the ring "Huifegi" {rElec MR+ Int+4 Stlth+}
   (You found it on level 3 of the Dungeon)

   [ring of stealth]

   It affects your intelligence (+4).
   It insulates you from electricity.
   It affects your resistance to hostile enchantments.
   It makes you more stealthy.
 z - the ring "Nimm" (left hand) {rC+ MR+ Str+3}
   (You found it on level 14 of the Dungeon)

   [ring of protection from magic]

   It affects your strength (+3).
   It protects you from cold.
   It affects your resistance to hostile enchantments.
 S - an uncursed ring of resist corrosion
Wands
 o - a wand of hasting (0/9)
 y - a wand of teleportation (2/9)
 G - a wand of teleportation (0/9)
 N - a wand of digging (11/24)
 U - a wand of digging (7/24)
Scrolls
 b - a scroll of blinking
 e - a scroll of holy word
 h - 4 scrolls of fog
 i - 15 scrolls of identify
 p - 7 scrolls of amnesia
 q - 7 scrolls of immolation
 r - 26 scrolls of remove curse
 E - 6 scrolls of recharging
 F - 5 scrolls of fear
 H - 10 scrolls of magic mapping
 I - 2 scrolls of enchant armour
 V - 3 scrolls of teleportation
 X - 3 scrolls of silence
Potions
 a - 3 potions of flight
 j - 2 potions of ambrosia
 s - 4 potions of agility
 A - 4 potions of resistance
 B - 3 potions of might
 C - 3 potions of invisibility
 J - 2 potions of cancellation
 L - 4 potions of berserk rage
 P - a potion of haste
 Q - 12 potions of curing
Books
 M - the Catalogue of Sinister Companions
   (You found it on level 5 of the Pits of Slime)

   Spells                             Type                      Level
   a - Pain                           Necromancy                   1
   b - Summon Butterflies             Summoning                    1
   c - Call Imp                       Summoning                    2
   d - Control Undead                 Necromancy                   4
   e - Cigotuvi's Embrace             Necromancy                   5
   f - Spellforged Servitor           Conjuration/Summoning        7
Comestibles
 f - 24 bread rations
 g - 3 beef jerkies
 D - a chunk of flesh
 T - 4 meat rations


   Skills:
 + Level 21.9 Fighting
 - Level 9.8(15.3) Short Blades
 * Level 18.5(19.2) Long Blades
 O Level 27 Bows
 + Level 4.7 Armour
 - Level 4.4 Dodging
 - Level 6.0 Stealth
   Level 3.8 Shields
 + Level 13.6 Spellcasting
 - Level 8.9 Hexes
 - Level 10.1 Charms
 - Level 2.9 Summonings
 - Level 10.4 Necromancy
 - Level 3.1 Translocations
 - Level 3.0 Air Magic
 * Level 14.4 Invocations
 - Level 14.6 Evocations


You had 41 spell levels left.
You knew the following spells:

 Your Spells              Type           Power        Failure   Level  Hunger
a - Repel Missiles        Chrm/Air       ###...       8%          2    None
b - Swiftness             Chrm/Air       ###.....     8%          2    None
c - Summon Butterflies    Summ           ##......     17%         1    None
d - Apportation           Tloc           ##........   14%         1    None
e - Regeneration          Chrm/Necr      ####......   1%          3    None
f - Spectral Weapon       Hex/Chrm       ####....     3%          3    None


Dungeon Overview and Level Annotations

Branches:
Dungeon (15/15)            Temple (1/1) D:4            Lair (6/6) D:9
  Swamp (4/4) Lair:4        Snake (4/4) Lair:3        Slime (5/5) Lair:6
    Orc (2/2) D:10            Elf (3/3) Orc:2        Vaults (5/5) D:14
  Crypt (3/3) Vaults:2       Tomb (0/3) Crypt:3      Depths (5/5) D:15
   Hell (1/1)                 Dis (0/7) Hell            Geh (0/7) Hell
    Coc (6/7) Hell            Tar (0/7) Hell            Zot (0/5) Depths:5

Altars:
Ashenzari
Cheibriados
Dithmenos
Elyvilon
Fedhas
Gozag
Hepliaklqana
Kikubaaqudgha
Makhleb
Nemelex Xobeh
Okawaru
Qazlal
Ru
Sif Muna
Trog
Uskayaw
Vehumet
Xom
Yredelemnul
Zin
The Shining One
Beogh
Jiyva

Shops:
D:8 *   D:11 :   D:12 [   Orc:1 :   Orc:2 ?![?*:   Vaults:2 ?   Vaults:3 [
Depths:2 }}=   Depths:3 :

Portals:
Hell: Depths:1* Depths:2 Depths:3 Depths:4 Depths:5
Abyss: Depths:3 Depths:4
Pandemonium: Depths:3 Depths:4
Ziggurat: Depths:3

Annotations:
D:9 exclusion: downstairs
Swamp:3 exclusion: downstairs
Elf:2 exclusion: downstairs
Coc:4 exclusion: 7 oklob plants


Innate Abilities, Weirdness & Mutations

You have hooves in place of feet.
Armour fits poorly on your strangely shaped body.
You cover ground very quickly.
You have extremely tough skin. (AC +3)
You have a pair of small antennae on your head.
You are partially covered in thin metallic scales. (AC +2)
Your skin blends seamlessly with your surroundings (Stealth++).
You are frail. (-10% HP)
Your magical capacity is low. (-10% MP)
You are weak. (Str -2)
Potions and wands are less effective at restoring your health.


Message History

The shard shrike claws you but does no damage.
Unknown command.
You are momentarily dazzled by a brilliant light.
You feel somewhat more hungry.
You can no longer summon a divine warrior.
The shard shrike screeches!
The shard shrike claws you but does no damage.
The shard shrike claws your daeva. The shard shrike freezes your daeva!!
You chop the shard shrike into pieces!!!
You kick the shard shrike.
The shard shrike is heavily wounded.
The shard shrike claws you.
* * * LOW HITPOINT WARNING * * *
The shard shrike freezes you!! You resist.
* * * LOW HITPOINT WARNING * * *
A red film seems to cover your vision as you go berserk!
You feel yourself moving faster!
You feel mighty!
The shard shrike screeches!
The shard shrike claws you.
You die...

###..####...≈≈≈≈
##.## ##..≈≈≈.≈
#.## #...≈≈≈.≈
#.## ##..≈≈≈...
#..###...≈≈....
###.....≈≈≈....
##≈≈≈≈≈≈≈≈....
###A......≈≈≈...
#≈≈@b......≈≈≈..
#≈..#####...≈≈≈≈
#≈.## #...≈≈≈
#≈.# #...≈. #≈##
..≈≈ #..# #...≈
#≈.#####....
#≈..#....≈≈≈
##≈≈..≈≈≈≈≈≈


You could see a shard shrike and a friendly daeva.

Vanquished Creatures
  the Royal Jelly (Slime:5)
  4 juggernauts
  2 ancient liches
  the Lernaean hydra (Swamp:4)
  Frederick (Crypt:2)
  Vashnia (Snake:3)
  4 shard shrikes
  2 bone dragons
  6 golden dragons
  Geryon (Hell)
  Nikola (Elf:3)
  5 liches
  5 tentacled monstrosities
  3 Ice Fiends
  Rupert (D:13)
  34 acid blobs
  An ancient champion (Crypt:2)
  4 deep elf blademasters
  2 deep elf master archers (Elf:3)
  4 sphinxes
  7 tentacled starspawn
  Gastronok (D:8)
  2 tengu reavers (Vaults:5)
  Agnes (Snake:1)
  2 shadow dragons
  The ghost of miniman03 the Severer, an adept HOFi of Beogh (Swamp:4)
  A storm dragon (shapeshifter) (Vaults:5)
  Donald (Elf:1)
  5 storm dragons
  13 fire giants
  18 azure jellies
  4 revenants
  A draconian monk (Depths:5)
  7 nagarajas
  5 iron dragons
  7 frost giants
  14 vault wardens
  A ghost moth (shapeshifter) (Vaults:5)
  2 imperial myrmidons (Desolation)
  A balrug (Hell)
  7 deep elf sorcerers
  An angel (Abyss:3)
  A curse skull (Crypt:1)
  6 deep elf elementalists
  6 ghouls
  11 reapers
  5 war gargoyles
  13 very ugly things
  2 draconian shifters (Depths:5)
  14 ironheart preservers
  3 spriggan defenders (Depths:4)
  3 entropy weavers
  8 vampire knights
  An elemental wellspring (Coc:3)
  7 deep elf demonologists
  18 stone giants
  2 ophanim (Abyss:3)
  A dire elephant (Abyss:1)
  13 deep elf annihilators
  A halazid warlock (Desolation)
  2 purple draconians (Depths:5)
  2 red draconians (Depths:5)
  A yellow draconian (Depths:5)
  A white draconian (Depths:5)
  7 spark wasps
  Azrael (D:15)
  2 eidola
  6 blizzard demons
  10 deep elf death magi
  15 ettins
  4 crystal guardians
  The ghost of odb the Bludgeoner, a journeyman OgBe of Trog (D:10)
  22 death oozes
  A quicksilver dragon zombie (Crypt:3)
  4 ragged hierophants (Desolation)
  17 jiangshi
  9 fire dragons
  28 yaktaur captains
  31 vault guards
  2 rakshasas
  A monstrous demonspawn (Depths:3)
  A quicksilver dragon skeleton (Crypt:2)
  12 great orbs of eyes
  8 deep elf high priests
  8 peacekeepers
  22 hydras
  3 servants of whispers (Desolation)
  10 spriggan air magi
  A ghost crab (Swamp:3)
  19 ice dragons
  8 anacondas
  12 naga warriors
  16 centaur warriors
  Erica (Lair:1)
  3 catoblepae
  A merfolk avatar (Lair:6)
  An alligator (shapeshifter) (Abyss:3)
  6 alligators
  33 dancing weapons
  5 death knights
  7 hell hogs
  2 death yaks (D:9)
  7 vampire magi
  A death yak (shapeshifter) (Depths:1)
  2 orc high priests
  7 tengu warriors
  13 ogre magi
  8 deep troll earth magi
  9 deep troll shamans
  A titan zombie (Crypt:2)
  5 soul eaters
  7 spriggans
  5 spriggan berserkers
  10 thrashing horrors
  12 wandering mushrooms
  A storm dragon zombie (Coc:2)
  6 sun demons
  A titan skeleton (Crypt:3)
  7 wretched stars
  16 naga sharpshooters
  25 hell knights
  6 salamander mystics (Snake:4)
  A shock serpent (Snake:2)
  4 shadow wraiths
  29 deep elf knights
  57 skeletal warriors
  3 sixfirhies (Abyss:3)
  A sea snake (Lair:6)
  7 unseen horrors
  2 storm dragon skeletons
  2 spatial maelstroms (Abyss:3)
  41 deep trolls
  2 starcursed masses (Abyss:2)
  2 fire crabs (shapeshifter)
  6 iron trolls
  A quicksilver dragon simulacrum (Coc:1)
  A ghost moth zombie (Hell)
  7 naga ritualists
  A golden dragon zombie (Coc:4)
  A sea snake (shapeshifter) (Depths:5)
  2 cherubim (Abyss:3)
  A swamp dragon (shapeshifter) (Depths:4)
  6 glowing orange brains
  5 anaconda zombies
  11 swamp dragons
  3 anaconda skeletons
  28 ironbrand convokers
  5 wizards
  7 flayed ghosts
  23 necromancers
  3 wolf spider zombies
  A tengu zombie (Vaults:5)
  22 deep elf archers
  8 harpies
  3 golden dragon skeletons
  10 hill giants
  A shadow dragon zombie (Crypt:1)
  An orb spider (shapeshifter) (Vaults:2)
  6 mana vipers
  82 deep elf magi
  An iron dragon zombie (Hell)
  6 phantasmal warriors
  5 shining eyes
  2 sphinx skeletons
  13 orc knights
  7 oklob plants
  5 wolf spiders
  2 frost giant zombies
  49 ugly things
  A manticore (shapeshifter) (Depths:3)
  3 manticores
  A shadow dragon skeleton (Crypt:2)
  A shining eye (shapeshifter) (Depths:1)
  2 orc sorcerers
  10 cyclopes
  2 cyclopes (shapeshifter)
  2 worldbinders (Abyss:3)
  A centaur zombie (D:15)
  8 stone giant zombies
  2 fire giant skeletons
  20 naga magi
  11 salamanders
  2 rust devils
  Maurice (D:8)
  3 apocalypse crabs
  A shock serpent zombie (Abyss:3)
  15 elephants
  2 dire elephant zombies
  An iron dragon skeleton (Coc:2)
  6 stone giant skeletons
  10 smoke demons
  2 ice statues (IceCv)
  15 spiny frogs
  3 eyes of devastation (shapeshifter)
  26 black mambas
  A gargoyle (D:12)
  9 guardian serpents
  12 vault sentinels
  2 frost giant skeletons
  A torpor snail (shapeshifter) (Vaults:5)
  A dire elephant skeleton (Coc:1)
  2 orange demons
  An eye of devastation (Slime:5)
  2 mottled draconian zombies (Crypt:1)
  A yaktaur zombie (Vaults:3)
  A black draconian zombie (Crypt:1)
  An emperor scorpion zombie (Coc:6)
  5 komodo dragons
  A kobold demonologist (D:14)
  76 yaktaurs
  An anaconda simulacrum (Hell)
  7 tormentors
  2 hellions (Hell)
  19 ice devils
  4 rime drakes
  21 freezing wraiths
  An efreet (Abyss:3)
  A redback zombie (D:15)
  A catoblepas skeleton (Crypt:2)
  5 hellwings
  2 tengu conjurers
  4 red devils (Hell)
  A tyrant leech (Swamp:4)
  6 human skeletons
  2 silent spectres (Abyss:3)
  A harpy zombie (Crypt:3)
  13 trolls
  A wind drake (Lair:6)
  A jumping spider (shapeshifter) (Depths:2)
  A pale draconian skeleton (Crypt:2)
  4 polar bears
  11 hydra zombies
  2 meliai (shapeshifter)
  A queen bee (shapeshifter) (Abyss:3)
  2 polar bears (shapeshifter)
  29 two-headed ogres
  A jumping spider (Vaults:1)
  12 hornets
  6 ancient zymes (Abyss:3)
  3 bog bodies
  A harpy skeleton (Coc:1)
  39 saltlings (Desolation)
  A raiju (shapeshifter) (Elf:3)
  13 blink frogs
  6 hydra skeletons
  2 wolf spider simulacra
  14 raiju
  A hornet (shapeshifter) (Vaults:1)
  A satyr zombie (Crypt:2)
  3 stone giant simulacra
  18 large abominations
  2 ice dragon zombies
  A death drake skeleton (Crypt:1)
  80 slime creatures
  A dream sheep (shapeshifter) (Abyss:3)
  5 alligator zombies
  2 fire giant simulacra
  An ettin zombie (Coc:2)
  A shadow dragon simulacrum (Crypt:2)
  5 hippogriffs
  3 fire dragon skeletons
  A spriggan skeleton (Depths:2)
  A redback (shapeshifter) (Vaults:2)
  A fire dragon zombie (Coc:1)
  3 redbacks
  2 tarantellas (shapeshifter)
  3 wyverns
  A spriggan (shapeshifter) (Vaults:4)
  6 shadows
  A vampire (D:15)
  11 ynoxinuls
  9 air elementals
  A yak (shapeshifter) (Vaults:2)
  70 flying skulls
  20 water elementals
  11 wraiths
  An ettin skeleton (Coc:1)
  14 small abominations
  34 yaks
  12 fire elementals
  13 golden eyes
  Grum (Lair:1)
  3 hogs (Snake:2)
  3 basilisks
  4 chaos spawn
  4 hungry ghosts
  A fire bat (Abyss:3)
  2 neqoxecs
  A steam dragon (D:12)
  12 vampire mosquitoes
  A yaktaur simulacrum (Vaults:1)
  5 spatial vortices
  4 wargs
  Menkaure (D:6)
  A naga (shapeshifter) (Vaults:5)
  A spriggan simulacrum (Depths:2)
  5 mottled dragons
  16 water moccasins
  A human zombie (Depths:2)
  15 hell hounds
  2 spiny frog zombies
  65 nagas
  10 swamp worms
  A glowing shapeshifter zombie (Crypt:1)
  2 hydra simulacra
  A soldier ant (D:8)
  Duvessa (D:7)
  11 swamp drakes
  A floating eye (Depths:5)
  10 porcupines
  45 orc warriors
  2 phantoms
  A swamp drake (shapeshifter) (Vaults:2)
  A sky beast (D:13)
  2 black bears
  2 spiny frog skeletons
  17 ice beasts
  4 eyes of draining
  3 necrophages
  A snapping turtle zombie (Crypt:3)
  12 boggarts
  3 elephant skeletons
  7 wolves (Lair:1)
  24 centaurs
  An elf skeleton (Vaults:3)
  A centaur (shapeshifter) (Depths:5)
  67 ogres
  16 crocodiles
  8 big kobolds
  12 bullfrogs
  A wyvern zombie (D:13)
  8 earth elementals
  Dowan (D:7)
  A draconian skeleton (Crypt:2)
  6 gnoll sergeants
  A glowing shapeshifter simulacrum (Vaults:1)
  A spiny frog simulacrum (Hell)
  2 scorpions
  3 wyvern skeletons
  A snapping turtle simulacrum (Crypt:2)
  25 wights
  3 killer bees (D:9)
  9 electric eels
  7 howler monkeys
  10 crimson imps
  4 human simulacra
  4 quasits
  13 jellies
  12 hounds
  A black bear zombie (Crypt:1)
  15 orc priests
  4 iron imps
  5 bullfrog skeletons
  A gnoll shaman (D:6)
  21 orc wizards
  Terence (D:2)
  5 centaur skeletons
  5 iguanas
  A hell rat (D:5)
  3 worker ants
  A demigod zombie (Crypt:1)
  2 hound skeletons
  3 mummies
  Robin (D:2)
  A worker ant zombie (D:9)
  21 gnolls
  12 adders
  8 river rats (D:5)
  4 shadow imps
  31 white imps
  10 ufetubi
  6 oozes
  A worm zombie (Crypt:2)
  2 adder skeletons
  A halfling skeleton (Crypt:1)
  5 worms
  3 dart slugs
  8 leopard geckos
  96 orcs
  7 giant cockroaches
  16 goblins
  12 hobgoblins
  14 jackals
  4 quokkas
  2 ball pythons
  17 bats
  5 frilled lizards
  2 jackal skeletons
  32 kobolds
  An orc zombie (Crypt:2)
  34 rats
  75 ballistomycetes
  8 ballistomycete spores
  4 starspawn tentacles (Abyss:3)
  3 toadstools
3168 creatures vanquished.

Vanquished Creatures (collateral kills)
  Jorgrun (Snake:2)
  A titan (Vaults:5)
  Kirke (Snake:2)
  3 tengu reavers
  A nagaraja (Snake:2)
  Aizul (Snake:2)
  A frost giant (Vaults:5)
  An imperial myrmidon (Desolation)
  3 vault wardens
  A war gargoyle (Vaults:5)
  2 deep elf elementalists
  A deep elf annihilator (Elf:3)
  A deep elf demonologist (Vaults:5)
  A deep elf death mage (Vaults:5)
  A jiangshi (Depths:1)
  A deep elf high priest (Elf:2)
  A fire dragon (Depths:2)
  2 great orbs of eyes
  2 ogre magi (Vaults:5)
  2 rakshasas (Depths:2)
  2 hydras
  2 naga warriors (Snake:2)
  4 vault guards
  A spriggan air mage (Depths:2)
  3 anacondas
  The ghost of Griselidis the Archer, a novice CeHu of Fedhas (D:8)
  3 dancing weapons
  A vampire mage (Depths:2)
  4 death yaks (Lair:6)
  A deep troll earth mage (Depths:2)
  A shock serpent (Snake:3)
  A deep elf knight (Vaults:5)
  7 naga sharpshooters
  A golden dragon zombie (Vaults:5)
  A glowing orange brain (Vaults:5)
  A naga ritualist (Snake:2)
  2 ironbrand convokers (Vaults:5)
  A sea snake (Lair:6)
  A lindwurm (Lair:6)
  2 ugly things (Depths:2)
  3 mana vipers
  A manticore (Lair:6)
  10 elephants (Lair:6)
  8 black mambas
  2 salamanders
  A guardian serpent (Snake:3)
  2 naga magi
  Joseph (D:9)
  4 spiny frogs
  A spriggan skeleton (Depths:2)
  A rime drake (Lair:6)
  A freezing wraith (Vaults:4)
  2 komodo dragons (Lair:6)
  2 yaktaurs (Vaults:5)
  A yaktaur skeleton (Vaults:4)
  2 polar bears
  3 blink frogs (Lair:6)
  4 hornets
  5 saltlings (Desolation)
  3 two-headed ogres (Vaults:5)
  A wind drake (Lair:6)
  A redback (Vaults:4)
  A hippogriff (Lair:5)
  A wyvern (Lair:5)
  5 yaks
  A basilisk (Lair:6)
  A hog (Snake:2)
  2 nagas (Snake:2)
  A large abomination (Abyss:3)
  A soldier ant (D:8)
  3 water moccasins
  An orc warrior (D:6)
  A spriggan simulacrum (Depths:2)
  3 crocodiles
  2 human skeletons
  4 ogres (Vaults:5)
  A big kobold (D:6)
  3 wights (D:6)
  A hound (D:6)
  A gnoll (D:6)
  An ufetubus (Abyss:3)
  2 orcs
  3 hobgoblins (D:6)
  A kobold (D:6)
  18 ballistomycete spores
  7 hyperactive ballistomycetes
192 creatures vanquished.

Vanquished Creatures (others)
  A lich (Abyss:3)
  An elemental wellspring (Coc:3)
  An ettin (Depths:1)
  2 oklob plants (Lair:6)
  An anaconda (Snake:4)
  2 deep elf knights (Elf:1)
  A shambling mangrove (Abyss:3)
  A deep elf mage (Elf:1)
  2 ironbrand convokers (Vaults:5)
  A black mamba (Snake:4)
  A yaktaur (Vaults:5)
  89 wandering mushrooms
  A bog body (Swamp:2)
  A small abomination (Abyss:3)
  A water elemental (Coc:2)
  A human (Snake:2)
  2 nagas (Snake:4)
  A necrophage (D:9)
  An ogre (Depths:2)
  An orc priest (Vaults:5)
  A white imp (IceCv)
  4 ufetubi (IceCv)
  A quokka (D:7)
  177 ballistomycetes
  49 ballistomycete spores
  16 fungi
  4 hyperactive ballistomycetes
  30 plants
  35 spectral weapons
  6 starspawn tentacles (Abyss:3)
  1965 toadstools
2400 creatures vanquished.

Grand Total: 5760 creatures vanquished

Notes
Turn   | Place    | Note
-------+----------+-------------------------------------------
     0 | D:1      | Griselidis the Centaur Hunter began the quest for the Orb.
     0 | D:1      | Reached XP level 1. HP: 17/17 MP: 1/1
   105 | D:1      | Reached XP level 2. HP: 21/24 MP: 2/2
   872 | D:1      | Reached skill level 1 in Short Blades
  1082 | D:1      | Reached XP level 3. HP: 30/30 MP: 3/3
  1175 | D:2      | Reached skill level 6 in Bows
  2345 | D:3      | Noticed Robin
  2437 | D:2      | Killed Robin
  2437 | D:2      | Reached XP level 4. HP: 25/37 MP: 4/4
  2855 | D:3      | Noticed Terence
  2932 | D:2      | Killed Terence
  3031 | D:3      | Reached skill level 7 in Bows
  3031 | D:3      | Reached XP level 5. HP: 21/45 MP: 1/5
  3144 | D:3      | Noticed an ice beast
  3164 | D:3      | Killed an ice beast
  3612 | D:3      | Reached XP level 6. HP: 30/52 MP: 6/6
  3808 | D:3      | Got a transparent silver ring
  3914 | D:3      | Identified the ring "Huifegi" {rElec MR+ Int+4 Stlth+} (You found it on level 3 of the Dungeon)
  4120 | D:4      | Found a glowing drain.
  4127 | Sewer    | Entered a sewer
  4148 | Sewer    | Reached skill level 8 in Bows
  5023 | D:4      | Found a staircase to the Ecumenical Temple.
  5034 | Temple   | Entered the Ecumenical Temple
  5039 | Temple   | Became a worshipper of Fedhas Madash
  5127 | D:4      | Found a stormy altar of Qazlal.
  5148 | D:4      | Found a shadowy altar of Dithmenos.
  5591 | D:5      | Entered Level 5 of the Dungeon
  5628 | D:5      | Found a deep blue altar of Sif Muna.
  5699 | D:5      | Noticed a water moccasin
  5718 | D:5      | Killed a water moccasin
  5718 | D:5      | Reached skill level 9 in Bows
  5718 | D:5      | Reached XP level 7. HP: 35/59 MP: 7/7
  6447 | D:5      | Reached * piety under Fedhas
  6458 | D:5      | HP: 1/60 [hell rat (12)]
  6899 | D:5      | Reached ** piety under Fedhas
  7212 | D:5      | Reached skill level 10 in Bows
  7610 | D:6      | Reached XP level 8. HP: 67/67 MP: 8/8
  7630 | D:6      | Reached skill level 5 in Fighting
  7630 | D:6      | Reached skill level 1 in Invocations
  7729 | D:6      | Noticed Menkaure
  7945 | D:6      | Killed Menkaure
  8396 | D:6      | Reached skill level 11 in Bows
  8876 | D:7      | Reached XP level 9. HP: 37/75 MP: 11/11
  9151 | D:7      | Reached skill level 5 in Short Blades
  9410 | D:7      | Found an ancient bone altar of Kikubaaqudgha.
  9437 | D:7      | Identified a +4 rod of ignition (9/9) (You found it on level 7 of the Dungeon)
  9560 | D:7      | Noticed Duvessa
  9563 | D:7      | Noticed Dowan
  9600 | D:7      | Killed Duvessa
  9600 | D:7      | Reached skill level 12 in Bows
  9666 | D:7      | Killed Dowan
  9825 | D:7      | Found a white marble altar of Elyvilon.
 10380 | D:8      | Reached skill level 1 in Evocations
 10402 | D:8      | Reached *** piety under Fedhas
 10719 | D:8      | Noticed Griselidis's ghost (novice CeHu)
 11174 | D:8      | Killed Griselidis's ghost
 11235 | D:8      | Found Zuwoku's Assorted Antiques.
 11239 | D:8      | Noticed Maurice
 11363 | D:8      | Killed Maurice
 11363 | D:8      | Reached skill level 13 in Bows
 11372 | D:8      | Bought a scroll labeled XUH OVUFECKA for 31 gold pieces
 11372 | D:8      | Bought a scroll labeled HULECLI JUVUG for 31 gold pieces
 11473 | D:8      | Reached skill level 5 in Invocations
 11535 | D:8      | Noticed Gastronok
 11662 | D:8      | Reached XP level 10. HP: 61/84 MP: 13/13
 11875 | D:8      | Killed Gastronok
 12084 | D:9      | Found a shattered altar of Ashenzari.
 12140 | D:9      | Noticed Joseph
 12169 | D:9      | Noticed a death yak
 12170 | D:9      | Noticed a death yak
 12201 | D:9      | Found a staircase to the Lair.
 12379 | D:9      | Killed a death yak
 12379 | D:9      | Reached skill level 14 in Bows
 12874 | D:9      | Killed a death yak
 13129 | D:9      | Killed Joseph
 13725 | D:9      | Reached XP level 11. HP: 78/93 MP: 15/15
 14180 | D:9      | Reached **** piety under Fedhas
 14217 | D:9      | Found an iron altar of Okawaru.
 14681 | D:10     | Entered Level 10 of the Dungeon
 14681 | D:10     | Noticed a centaur warrior
 14848 | Lair:1   | Entered Level 1 of the Lair of Beasts
 14875 | Lair:1   | Noticed Erica
 15689 | Lair:1   | Reached skill level 15 in Bows
 16578 | Lair:1   | Noticed Grum
 16593 | Lair:1   | Killed Grum
 16894 | Lair:1   | Killed Erica
 17063 | Lair:2   | Reached skill level 1 in Stealth
 17590 | Lair:1   | Noticed an eight-headed hydra
 17662 | Lair:1   | Killed an eight-headed hydra
 19043 | Lair:2   | Learned a level 2 spell: Repel Missiles
 19280 | Lair:2   | Reached XP level 12. HP: 62/103 MP: 12/17
 19451 | Lair:3   | Noticed a catoblepas
 19472 | Lair:3   | Killed a catoblepas
 19472 | Lair:3   | Reached skill level 16 in Bows
 20134 | Lair:3   | Noticed a five-headed hydra
 20195 | Lair:3   | Killed a five-headed hydra
 20329 | Lair:3   | Found a staircase to the Snake Pit.
 20622 | Lair:3   | Identified a scroll of acquirement
 21561 | Lair:4   | Noticed a seven-headed hydra
 21578 | Lair:4   | Killed a five-headed hydra
 21619 | Lair:4   | Noticed a catoblepas
 21710 | Lair:4   | Killed a catoblepas
 21832 | Lair:4   | Found a staircase to the Swamp.
 22330 | Lair:5   | Reached skill level 17 in Bows
 23538 | Lair:5   | Reached XP level 13. HP: 48/112 MP: 8/18
 23681 | Lair:6   | Entered Level 6 of the Lair of Beasts
 24879 | Lair:5   | Reached ***** piety under Fedhas
 25653 | Lair:5   | Reached skill level 10 in Fighting
 25893 | Lair:5   | Reached skill level 1 in Armour
 25893 | Lair:5   | Reached skill level 1 in Shields
 26225 | Lair:6   | Reached skill level 18 in Bows
 27462 | Lair:6   | Reached XP level 14. HP: 62/122 MP: 20/20
 28875 | Lair:6   | Found a viscous altar of Jiyva.
 28875 | Lair:6   | Found a staircase to the Slime Pits.
 29052 | Swamp:1  | Entered Level 1 of the Swamp
 29307 | Snake:1  | Entered Level 1 of the Snake Pit
 30643 | Snake:1  | Noticed Agnes
 30665 | Snake:1  | Killed Agnes
 30860 | Snake:1  | Learned a level 2 spell: Swiftness
 31241 | Snake:1  | Reached skill level 19 in Bows
 31461 | Snake:1  | Got a slimy scale mail
 31472 | Snake:1  | Identified the +2 scale mail of the Heavens {rElec rPois} (You found it on level 1 of the Snake Pit)
 31860 | Snake:1  | Identified the Reference Book on Shifting Stolen Souls
 32142 | Snake:1  | Reached skill level 1 in Spellcasting
 32142 | Snake:1  | Reached skill level 1 in Air Magic
 33284 | Snake:2  | Noticed Jorgrun
 33316 | Snake:2  | Killed Jorgrun
 33483 | Snake:2  | Noticed Aizul
 33528 | Snake:2  | Killed Aizul
 33625 | Snake:2  | Noticed a nagaraja
 33683 | Snake:2  | Killed a nagaraja
 33753 | Snake:2  | Noticed Kirke
 33795 | Snake:2  | Noticed a sphinx
 33795 | Snake:2  | Killed Kirke
 34039 | Lair:2   | Identified a -1 rod of ignition (9/9) (You found it on level 2 of the Snake Pit)
 34249 | Snake:2  | Reached XP level 15. HP: 85/132 MP: 14/21
 36041 | Snake:3  | Reached skill level 20 in Bows
 36049 | Snake:3  | Noticed Vashnia
 36075 | Snake:3  | Killed Vashnia
 37155 | Snake:3  | Noticed a nagaraja
 37167 | Snake:3  | Killed a nagaraja
 37528 | Snake:4  | Entered Level 4 of the Snake Pit
 37632 | Snake:4  | Reached skill level 1 in Long Blades
 38592 | Snake:4  | Got a polished dagger {protect}
 38618 | Snake:4  | Identified the +6 dagger of the Stoat {protect, rC+ Str+2} (You took it off a naga mage on level 4 of the Snake Pit)
 39424 | Snake:4  | Reached skill level 10 in Invocations
 39885 | Snake:4  | Noticed a nagaraja
 39918 | Snake:4  | Killed a nagaraja
 39918 | Snake:4  | Reached skill level 21 in Bows
 39918 | Snake:4  | Reached XP level 16. HP: 39/141 MP: 17/23
 40532 | Snake:4  | Reached skill level 5 in Spellcasting
 41178 | Snake:4  | Got a serpentine rune of Zot
 42295 | D:10     | Noticed odb's ghost (journeyman OgBe)
 42327 | D:10     | Killed odb's ghost
 42771 | D:10     | Found a staircase to the Orcish Mines.
 42878 | D:10     | Reached skill level 5 in Long Blades
 42886 | D:10     | Reached ****** piety under Fedhas
 43126 | Orc:1    | Entered Level 1 of the Orcish Mines
 43126 | Orc:1    | Found Xepsogh's Book Shop.
 43188 | Orc:1    | Found a roughly hewn altar of Beogh.
 43279 | Orc:2    | Entered Level 2 of the Orcish Mines
 43310 | Orc:2    | Found Xuylesos's Antique Armour Shop.
 43630 | Orc:2    | Found a staircase to the Elven Halls.
 43801 | Orc:2    | Reached skill level 22 in Bows
 44032 | Orc:2    | Found Faradd's General Store.
 44033 | Orc:2    | Found Jyrer's Magic Scroll Boutique.
 44103 | Orc:2    | Found Cuyrisuk's Magic Scroll Emporium.
 44144 | Orc:2    | Found Exkupt's Distillery.
 44383 | Orc:2    | Bought a scroll of identify for 32 gold pieces
 44383 | Orc:2    | Bought a scroll of identify for 32 gold pieces
 44383 | Orc:2    | Bought a scroll of identify for 32 gold pieces
 44383 | Orc:2    | Bought a scroll of teleportation for 48 gold pieces
 44383 | Orc:2    | Bought a scroll of teleportation for 48 gold pieces
 44386 | Orc:2    | Gained mutation: You have a pair of small antennae on your head. [potion of beneficial mutation]
 44387 | Orc:2    | Gained mutation: Your skin changes colour to match your surroundings (Stealth+). [potion of beneficial mutation]
 44417 | Orc:2    | Bought a scroll of identify for 22 gold pieces
 44417 | Orc:2    | Bought a scroll of identify for 22 gold pieces
 44417 | Orc:2    | Bought a scroll of identify for 22 gold pieces
 44417 | Orc:2    | Bought a scroll of identify for 22 gold pieces
 44417 | Orc:2    | Bought 3 scrolls of amnesia for 115 gold pieces
 44417 | Orc:2    | Bought 3 scrolls of random uselessness for 33 gold pieces
 44417 | Orc:2    | Bought a scroll of brand weapon for 220 gold pieces
 44697 | Orc:2    | Bought a scroll of blinking for 82 gold pieces
 44703 | Orc:2    | Bought a potion of heal wounds for 75 gold pieces
 44703 | Orc:2    | Bought a potion of curing for 45 gold pieces
 44829 | D:11     | Found Dexkov's Book Shop.
 44881 | D:11     | Found a frozen archway.
 45158 | IceCv    | Entered an ice cave
 46058 | D:11     | Reached XP level 17. HP: 150/150 MP: 25/25
 46469 | D:12     | Found Qumnapne's Armour Shop.
 46498 | D:12     | Bought the +2 pair of gloves "Meywkifa" {rN+ Int+2} for 358 gold pieces
 47074 | D:12     | Found a sacrificial altar of Ru.
 47434 | D:13     | Noticed Rupert
 47441 | D:13     | Killed Rupert
 47536 | D:13     | Identified a +1 rod of ignition (11/11) (You found it on level 12 of the Dungeon)
 48099 | D:14     | Got a heavily runed marble ring
 48121 | D:14     | Identified the ring "Nimm" {rC+ MR+ Str+3} (You found it on level 14 of the Dungeon)
 48154 | D:14     | Found a basalt altar of Yredelemnul.
 48168 | D:14     | Got a crude shortbow
 48169 | D:14     | Identified the +9 shortbow of Insufficient Pleasure {freeze, *Drain +Inv Str+8 Int+5} (You acquired it on level 14 of the Dungeon)
 48243 | D:14     | Found a shimmering altar of Xom.
 48368 | D:14     | You fall through a shaft!
 48368 | D:15     | Entered Level 15 of the Dungeon
 48397 | D:15     | Noticed Azrael
 48425 | D:15     | Killed Azrael
 48662 | D:15     | Found a staircase to the Depths.
 49774 | D:14     | Reached skill level 23 in Bows
 50064 | D:14     | Found a gate to the Vaults.
 50278 | Vaults:1 | Entered Level 1 of the Vaults
 50885 | Vaults:1 | Learned a level 1 spell: Summon Butterflies
 50993 | Vaults:1 | Reached skill level 5 in Stealth
 51510 | Vaults:1 | Reached skill level 5 in Evocations
 52069 | Vaults:1 | Reached XP level 18. HP: 160/160 MP: 26/26
 54170 | Vaults:2 | Cast into level 3 of the Abyss (ironheart preserver)
 54170 | Abyss:3  | Found a corrupted altar of Lugonu.
 54451 | Abyss:3  | Got a scorched turquoise ring
 55311 | Abyss:3  | Reached skill level 24 in Bows
 55385 | Abyss:3  | Noticed a lich
 55400 | Abyss:3  | Killed a lich
 55424 | Vaults:2 | Escaped the Abyss
 55596 | Vaults:2 | Found Pafuv's Magic Scroll Emporium.
 55617 | Vaults:2 | Bought a scroll of blinking for 105 gold pieces
 55617 | Vaults:2 | Bought a scroll of blinking for 105 gold pieces
 55853 | Vaults:2 | Identified the ring "Virghadod" {rPois rF++ MR- Str+4 Dex-3} (You found it on level 3 of the Abyss)
 58110 | Vaults:2 | Reached skill level 1 in Charms
 58191 | Vaults:2 | Reached XP level 19. HP: 135/168 MP: 29/29
 58552 | Vaults:2 | Found a staircase to the Crypt.
 58552 | Vaults:2 | Found a basalt altar of Yredelemnul.
 58553 | Vaults:2 | Found an ancient bone altar of Kikubaaqudgha.
 58960 | Orc:1    | Bought a book of Party Tricks for 500 gold pieces
 58962 | Orc:1    | Learned a level 1 spell: Apportation
 60656 | Vaults:3 | Reached skill level 15 in Fighting
 60680 | Vaults:3 | Found Cyjus's Armour Boutique.
 60724 | Vaults:3 | Reached skill level 25 in Bows
 60741 | Vaults:3 | Reached skill level 1 in Summonings
 62545 | Vaults:3 | Reached skill level 10 in Long Blades
 62641 | Vaults:3 | Got a crude ring mail
 62652 | Vaults:3 | Identified the +7 ring mail "Reafue" {+Blink rF++ Str+2 Dex-2} (You found it on level 3 of the Vaults)
 62816 | D:12     | Bought the +2 ratskin cloak {rPois rN+ Int-1 Dex-1} for 308 gold pieces
 63167 | Vaults:4 | Reached skill level 1 in Translocations
 63294 | Vaults:4 | Found a ruined gateway.
 63365 | Desolati | Entered the Desolation of Salt
 63902 | Desolati | Reached XP level 20. HP: 177/179 MP: 30/30
 63922 | Desolati | Got a jewelled shield
 63929 | Desolati | Identified the +3 shield "Huliut" {Dex+2} (You found it in the Desolation of Salt)
 64123 | Desolati | Got a clouded jade amulet
 64124 | Desolati | Identified the amulet "Veiniw" {rPois Regen+ Stlth+} (You found it in the Desolation of Salt)
 64152 | Desolati | Got a fine chain mail
 64163 | Desolati | Identified the +4 chain mail of the Eight Gods {rF+ rC+ Str+4} (You found it in the Desolation of Salt)
 64166 | Desolati | Got an iridescent spear
 64167 | Desolati | Identified the +3 spear "Ixitt" {venom, rElec rPois} (You found it in the Desolation of Salt)
 64173 | Desolati | Got a bone flail
 64174 | Desolati | Identified the +2 flail of Awkwardness {pain, rPois rF+ Int+4} (You found it in the Desolation of Salt)
 64438 | Desolati | Got a coiled marble ring
 64440 | Desolati | Identified the ring of the Last Cities {rF- MP-9 EV+1 Str+4 Int+9} (You found it in the Desolation of Salt)
 64572 | Desolati | Got a slimy steel ring
 64574 | Desolati | Identified the ring "Ydae" {*Tele *Slow +Inv rElec rF+ Dex+2} (You found it in the Desolation of Salt)
 64586 | Desolati | Learned a level 3 spell: Regeneration
 64589 | Desolati | Identified the Reference Book on the Congealing Arsonist
 64595 | Desolati | Learned a level 3 spell: Spectral Weapon
 65121 | Vaults:4 | Reached skill level 1 in Necromancy
 65861 | Vaults:4 | Reached skill level 26 in Bows
 67553 | Orc:2    | Bought a scroll of silence for 82 gold pieces
 67568 | Orc:2    | Bought a potion of curing for 45 gold pieces
 67568 | Orc:2    | Bought 2 potions of heal wounds for 150 gold pieces
 67573 | Orc:2    | Bought 2 scrolls of teleportation for 96 gold pieces
 67579 | Orc:2    | Bought a scroll of immolation for 38 gold pieces
 67919 | Vaults:5 | Entered Level 5 of the Vaults
 68332 | Vaults:5 | Noticed a caustic shrike
 68332 | Vaults:5 | an iron giant changed into a caustic shrike
 68334 | Vaults:5 | a caustic shrike changed into an acid blob
 68609 | Vaults:5 | Reached XP level 21. HP: 188/188 MP: 32/32
 69450 | Vaults:5 | Got a scorched hat
 69461 | Vaults:5 | Identified the cursed +0 hat "Ucreshis" {MR+} (You found it on level 5 of the Vaults)
 69465 | Vaults:5 | Identified Jeropn's Tome of Shifting Lightness
 69998 | Vaults:5 | Got a silver rune of Zot
 70006 | Vaults:5 | Got a pair of ichor-stained gloves
 70017 | Vaults:5 | Identified the +3 pair of gloves "Doraogae" {Int+4 Stlth+} (You found it on level 5 of the Vaults)
 70239 | Vaults:5 | Reached skill level 5 in Necromancy
 70267 | Vaults:5 | Identified the Tome of Ensnaring Stones
 70424 | Vaults:5 | Reached skill level 27 in Bows
 70529 | Vaults:5 | Noticed an ancient lich
 71060 | Vaults:5 | Killed an ancient lich
 71306 | Vaults:5 | Got a pitted chain mail
 71317 | Vaults:5 | Identified the +6 chain mail of the Lost Path {rCorr Dex+3} (You found it on level 5 of the Vaults)
 71355 | Vaults:5 | Got a polished leather armour
 71366 | Vaults:5 | Identified the +1 leather armour "Lucwam" {-Cast Dex+6} (You found it on level 5 of the Vaults)
 72585 | Swamp:4  | Entered Level 4 of the Swamp
 72682 | Swamp:4  | Noticed miniman03's ghost (adept HOFi)
 73421 | Swamp:4  | Killed miniman03's ghost
 73705 | Swamp:4  | Noticed the 27-headed Lernaean hydra
 73728 | Swamp:4  | Killed the 27-headed Lernaean hydra
 73728 | Swamp:4  | Reached XP level 22. HP: 198/198 MP: 34/34
 73853 | Swamp:4  | Got a decaying rune of Zot
 74312 | Depths:1 | Entered Level 1 of the Depths
 74855 | Depths:1 | Got a faintly glowing chain mail
 74866 | Depths:1 | Identified the cursed +1 chain mail "Faezoakh" {Int+3} (You found it on level 1 of the Depths)
 75116 | Depths:1 | Reached skill level 10 in Evocations
 75563 | Depths:1 | Found a gateway to Hell.
 75768 | Depths:1 | Noticed a juggernaut
 75792 | Depths:1 | Killed a juggernaut
 78684 | Elf:1    | Entered Level 1 of the Elven Halls
 78746 | Elf:1    | Found a flickering gateway to a bazaar.
 78882 | Bazaar   | Entered a bazaar
 78882 | Bazaar   | Found Hodon's Gadget Shoppe.
 78886 | Bazaar   | Found Maneosor's Weapon Emporium.
 78897 | Bazaar   | Found Biczuymo's Book Boutique.
 78908 | Bazaar   | Found Samom's Antique Armour Boutique.
 78915 | Bazaar   | Found Yray's Weapon Shoppe.
 78932 | Bazaar   | Bought a black opal-encrusted chain mail for 142 gold pieces
 78942 | Bazaar   | Identified the +5 chain mail of Noughts and Crosses {*Contam Int+6} (You bought it in a shop in a bazaar)
 79333 | Elf:1    | Reached XP level 23. HP: 194/206 MP: 36/36
 79420 | Elf:1    | Noticed Donald
 79439 | Elf:1    | Killed Donald
 80059 | Elf:1    | Reached skill level 10 in Spellcasting
 80768 | Elf:2    | Found a huge runed gate.
 80768 | Elf:2    | Found a huge runed gate.
 80769 | Elf:2    | Found a huge runed gate.
 80770 | Elf:2    | Found a huge runed gate.
 80776 | Elf:2    | Found a huge runed gate.
 81391 | Elf:3    | Entered Level 3 of the Elven Halls
 81424 | Elf:3    | Gained mutation: You are agile. (Dex +2) [a neqoxec]
 81987 | Elf:3    | Noticed Nikola
 83401 | Elf:3    | Killed Nikola
 83560 | Elf:3    | Gained mutation: You tend to lose your temper in combat. [a cacodemon]
 83817 | Elf:3    | Reached skill level 10 in Necromancy
 83849 | Elf:3    | Got a fine leather armour
 84098 | Elf:3    | Got a vibrating bronze ring
 84516 | Elf:3    | Reached XP level 24. HP: 218/218 MP: 37/37
 84578 | Elf:3    | Reached XP level 25. HP: 226/226 MP: 37/37
 84686 | Elf:3    | Identified the ring of the Six Cities {MR+ Int+3} (You took it off a deep elf annihilator on level 3 of the Elven Halls)
 84721 | Elf:3    | Got a twitching bone amulet
 84733 | Elf:3    | Identified the amulet "Duumefi" {Reflect rElec rPois SH+3} (You took it off a deep elf annihilator on level 3 of the Elven Halls)
 84840 | Elf:3    | Got an iridescent scimitar
 84841 | Elf:3    | Identified the +0 scimitar of the Equinox {slice, rF+ rN+} (You found it on level 3 of the Elven Halls)
 84851 | Elf:3    | Got a steaming helmet
 84852 | Elf:3    | Identified the cursed +0 helmet of Yredelemnul's Delight {rPois rN+ Dex+3 Stlth-} (You found it on level 3 of the Elven Halls)
 84868 | Elf:3    | Identified the Compendium of Shape Shifting and Flight
 84891 | Elf:3    | Identified the Grimoire of Dusty Sinister Secrets
 85299 | Elf:3    | Got a twisted ring mail
 85323 | Elf:3    | Identified the +2 ring mail "Patz" {+Blink Int+5 Dex-4 SInv} (You took it off a deep elf master archer on level 3 of the Elven Halls)
 85353 | Elf:3    | Identified the cursed +1 leather armour of Elyemin {rF+ rC- Dex+4} (You took it off a deep elf high priest on level 3 of the Elven Halls)
 86017 | Orc:2    | Bought a potion of beneficial mutation for 525 gold pieces
 86017 | Orc:2    | Gained mutation: You are partially covered in thin metallic scales. (AC +2) [potion of beneficial mutation]
 86428 | Orc:2    | Bought a scroll of brand weapon for 220 gold pieces
 86681 | D:8      | Bought a scroll of enchant weapon for 232 gold pieces
 86681 | D:8      | Bought 2 potions of ambrosia for 496 gold pieces
 87037 | Depths:2 | Found Gonuffics's Gadget Shoppe.
 87038 | Depths:2 | Found Reremucw's Jewellery Shop.
 87040 | Depths:2 | Found Wiwuock's Gadget Shoppe.
 87056 | Depths:2 | Bought a wand of hasting (2/9) for 540 gold pieces
 87258 | Depths:2 | Reached skill level 1 in Hexes
 87609 | Depths:3 | Found a one-way gate leading to the halls of Pandemonium.
 88141 | Depths:3 | Found Lupt's Book Boutique.
 88643 | Depths:3 | Found a gateway to a ziggurat.
 88684 | Depths:3 | Found a one-way gate to the infinite horrors of the Abyss.
 90734 | Depths:4 | Reached skill level 5 in Charms
 91163 | Depths:4 | Got a translucent leather armour
 91179 | Depths:4 | Identified the +2 leather armour of Apathy {Regen+ rCorr Int+8 Slay-4} (You found it on level 4 of the Depths)
 91328 | Depths:4 | Noticed a juggernaut
 91341 | Depths:4 | Killed a juggernaut
 91341 | Depths:4 | Reached skill level 15 in Long Blades
 91806 | Depths:4 | Got a heavily runed ivory amulet
 91807 | Depths:4 | Identified the amulet of Lugonu's Esteem {Inacc rF- Int+4 Dex+8} (You found it on level 4 of the Depths)
 91946 | Depths:5 | Entered Level 5 of the Depths
 92684 | Depths:5 | Paralysed by a floating eye for 3 turns
 92691 | Depths:5 | Paralysed by a floating eye for 4 turns
 93144 | Depths:5 | Reached XP level 26. HP: 207/237 MP: 36/38
 93237 | Depths:5 | Found a shadowy altar of Dithmenos.
 93296 | Depths:5 | Gained mutation: Your skin blends seamlessly with your surroundings (Stealth++). [potion of beneficial mutation]
 93420 | Depths:5 | Reached skill level 5 in Hexes
 93903 | Depths:5 | Found a gate to the Realm of Zot.
 94089 | Depths:5 | Noticed a juggernaut
 94359 | Depths:5 | Killed a juggernaut
 95490 | Slime:1  | Entered Level 1 of the Pits of Slime
 96595 | Slime:4  | Gained mutation: You expend magic power (3 MP) to strengthen your wands. [a shining eye]
 96596 | Slime:4  | Gained mutation: Scrolls take you a little longer to read. [a shining eye]
 96609 | Slime:4  | Gained mutation: Your body sometimes deteriorates upon taking damage. [a shining eye]
 96652 | Slime:4  | Gained mutation: Your magical capacity is low. (-10% MP) [a shining eye]
 96654 | Slime:4  | Gained mutation: You are frail. (-10% HP) [a shining eye]
 96684 | Slime:5  | Entered Level 5 of the Pits of Slime
 97089 | Slime:5  | Noticed the Royal Jelly
 98236 | Slime:5  | Killed the Royal Jelly
 98384 | Slime:5  | Got a pitted dagger
 98387 | Slime:5  | Identified the +8 dagger of Debt {vamp, +Inv Str+2 Int-4 Dex+7} (You found it on level 5 of the Pits of Slime)
 98389 | Slime:5  | Got a slimy rune of Zot
 98402 | Slime:5  | Identified the Papyrus of Flying Stones
 98525 | Slime:5  | Got an iridescent scimitar
 98532 | Slime:5  | Identified the +2 scimitar "Emedun" {holy, *Contam Str+2 Stlth+} (You found it on level 5 of the Pits of Slime)
 98836 | Slime:5  | Identified the Catalogue of Sinister Companions
 99129 | Slime:5  | Got a bloodstained shortbow
 99133 | Slime:5  | Identified the +9 shortbow "Vorpheex" {velocity, Str+3 Dex+4} (You found it on level 5 of the Pits of Slime)
 99683 | Depths:3 | Voluntarily entered the Abyss.
 99942 | Abyss:2  | Found a corrupted altar of Lugonu.
100746 | Abyss:3  | Reached XP level 27. HP: 113/221 MP: 29/35
100784 | Abyss:3  | Gained mutation: Potions and wands are less effective at restoring your health. [a neqoxec]
101026 | Abyss:3  | Gained mutation: You occasionally shout uncontrollably at your foes. [a shining eye]
101515 | Abyss:3  | Found a glowing golden altar of the Shining One.
101574 | Abyss:3  | Noticed a juggernaut
101587 | Abyss:3  | Killed a juggernaut
101592 | Abyss:3  | Got an abyssal rune of Zot
101600 | Abyss:3  | Found a glowing golden altar of the Shining One.
101765 | Abyss:3  | Found a bloodstained altar of Trog.
101766 | Abyss:3  | Found a sparkling altar of Nemelex Xobeh.
101808 | Depths:3 | Escaped the Abyss
102063 | D:7      | Fell from the grace of Fedhas
102063 | D:7      | Became a worshipper of Elyvilon the Healer
102405 | Crypt:1  | Entered Level 1 of the Crypt
103504 | Crypt:1  | Got a steaming battleaxe
103505 | Crypt:1  | Identified the +6 battleaxe "Osapauma" {antimagic, rC+ rN+ MR- Dex+6} (You found it on level 1 of the Crypt)
104065 | Crypt:1  | Reached * piety under Elyvilon
105358 | Crypt:2  | Reached skill level 10 in Charms
105708 | Crypt:2  | Reached ** piety under Elyvilon
106173 | Crypt:3  | Entered Level 3 of the Crypt
106346 | Crypt:3  | Noticed Frederick
106775 | Crypt:2  | Killed Frederick
107175 | Crypt:3  | Found an ancient bone altar of Kikubaaqudgha.
107176 | Crypt:3  | Noticed an ancient lich
107237 | Crypt:3  | Killed an ancient lich
108433 | Lair:2   | Lost mutation: You expend magic power (3 MP) to strengthen your wands. [potion of cure mutation]
108433 | Lair:2   | Lost mutation: You are agile. (Dex +2) [potion of cure mutation]
108433 | Lair:2   | Lost mutation: You tend to lose your temper in combat. [potion of cure mutation]
108433 | Lair:2   | Lost mutation: Scrolls take you a little longer to read. [potion of cure mutation]
108433 | Lair:2   | Lost mutation: You occasionally shout uncontrollably at your foes. [potion of cure mutation]
108433 | Lair:2   | Lost mutation: Your body sometimes deteriorates upon taking damage. [potion of cure mutation]
110135 | Crypt:3  | Found a staircase to the Tomb.
110561 | Hell     | Entered the Vestibule of Hell
110561 | Hell     | Noticed Geryon
112028 | Hell     | Found a gateway to the ashen valley of Gehenna.
112121 | Hell     | Gained mutation: You are weak. (Str -2) [mutagenic glow]
113053 | Hell     | Killed Geryon
113143 | Hell     | Found a gateway to the decaying netherworld of Tartarus.
113300 | Hell     | Found a gateway to the freezing wastes of Cocytus.
113468 | Hell     | Found a gateway to the Iron City of Dis.
113564 | Coc:1    | Entered Level 1 of Cocytus
117104 | Temple   | Fell from the grace of Elyvilon
117104 | Temple   | Became a worshipper of the Shining One
117104 | Temple   | Reached * piety under the Shining One
117551 | Coc:3    | Reached ** piety under the Shining One
118772 | Coc:2    | Reached *** piety under the Shining One
119011 | Coc:4    | Reached **** piety under the Shining One
119116 | Coc:6    | Reached ***** piety under the Shining One
119167 | Coc:6    | HP: 2/226 [shard shrike (18)]
119168 | Coc:6    | Slain by a shard shrike

Skill      XL: |  1  2  3  4  5  6  7  8  9 10 11 12 13 14 15 16 17 18 19 20 21 22 23 24 25 26 27 |
---------------+----------------------------------------------------------------------------------+-----
Short Blades   | 1 2 3 4 5 6 7 8 9 |  9.8
Bows           | 6 7 9 10 11 13 14 15 17 18 19 21 22 23 24 25 26 27 | 27.0
Fighting       | 3 4 5 6 7 8 9 10 11 12 13 14 15 16 17 18 19 20 21 | 21.9
Invocations    | 3 5 6 7 8 9 10 11 14 | 14.4
Evocations     | 2 4 5 6 8 9 11 12 13 14 | 14.6
Stealth        | 1 3 5 6 |  6.0
Dodging        | 2 4 |  4.4
Armour         | 2 3 4 |  4.7
Shields        | 2 3 |  3.8
Spellcasting   | 2 4 5 6 7 8 9 10 11 12 13 | 13.6
Air Magic      | 3 |  3.0
Long Blades    | 3 5 7 8 10 11 12 13 14 15 16 18 | 18.5
Charms         | 1 3 6 8 10 | 10.1
Summonings     | 2 |  2.9
Translocations | 2 3 |  3.1
Necromancy     | 4 6 8 10 | 10.4
Hexes          | 4 7 8 |  8.9

Action                   |  1- 3 |  4- 6 |  7- 9 | 10-12 | 13-15 | 16-18 | 19-21 | 22-24 | 25-27 || total
-------------------------+-------+-------+-------+-------+-------+-------+-------+-------+-------++-------
Melee: Short sword       |   157 |   263 |       |       |       |       |       |       |       ||   420
       Kick              |    36 |    51 |   140 |   210 |   228 |   270 |    73 |    58 |   752 ||  1818
       Dagger            |       |    18 |   463 |   605 |   458 |   292 |    41 |    86 |       ||  1963
       Scimitar          |       |       |       |     2 |    64 |     6 |       |       |       ||    72
       Great sword       |       |       |       |       |       |   308 |    95 |    53 |  1397 ||  1853
       Long sword        |       |       |       |       |       |       |       |       |    18 ||    18
       Longbow           |       |       |       |       |       |       |       |       |     1 ||     1
 Fire: Shortbow          |    17 |    73 |   141 |   565 |   754 |       |       |       |    78 ||  1628
       Longbow           |       |       |       |       |   356 |  1968 |  2116 |  1682 |  2516 ||  8638
 Cast: Repel Missiles    |       |       |       |     1 |     5 |     6 |    12 |     5 |    12 ||    41
       Swiftness         |       |       |       |       |       |       |     1 |       |     5 ||     6
       Regeneration      |       |       |       |       |       |       |     3 |     8 |    62 ||    73
       Apportation       |       |       |       |       |       |       |       |     3 |     1 ||     4
       Spectral Weapon   |       |       |       |       |       |       |       |       |   122 ||   122
Invok: Fungal Bloom      |       |       |    35 |    47 |    91 |   120 |   114 |    91 |    37 ||   535
       Evolution         |       |       |     5 |     2 |    28 |    10 |    45 |    32 |     2 ||   124
       Sunlight          |       |       |       |     5 |     9 |     5 |     2 |    16 |    16 ||    53
       Reproduction      |       |       |       |       |     4 |     1 |     8 |     9 |       ||    22
       Growth            |       |       |       |       |     3 |       |     1 |       |       ||     4
       Rain              |       |       |       |       |       |     2 |       |       |       ||     2
       Lesser Healing    |       |       |       |       |       |       |       |       |    23 ||    23
       Divine Shield     |       |       |       |       |       |       |       |       |     5 ||     5
       Summon Divine War |       |       |       |       |       |       |       |       |     1 ||     1
       Divine Protection |       |       |       |       |       |       |       |       |     1 ||     1
 Abil: Evoke Flight      |       |       |       |       |       |       |       |       |     5 ||     5
       Stop Flying       |       |       |       |       |       |       |       |       |     2 ||     2
Evoke: Rod               |       |       |     3 |    15 |    23 |    19 |    10 |       |       ||    70
       Wand              |       |       |       |     1 |     1 |     3 |     1 |       |    17 ||    23
  Use: Potion            |       |     3 |       |     6 |     5 |     4 |    10 |     7 |     9 ||    44
       Scroll            |       |     2 |    15 |    15 |     9 |     9 |     8 |    19 |    39 ||   116
 Stab: Sleeping          |       |     1 |     8 |     5 |     7 |     9 |     1 |       |     3 ||    34
       Confused          |       |       |       |     1 |     7 |       |     3 |     1 |       ||    12
       Petrified         |       |       |       |     4 |       |       |       |       |       ||     4
       Distracted        |       |       |       |       |     3 |     2 |     2 |     4 |    15 ||    26
  Eat: Chunk             |     3 |    11 |    18 |    30 |    22 |    38 |    29 |     7 |    30 ||   188
       Royal jelly       |       |       |       |     2 |     9 |       |     1 |       |       ||    12
       Fruit             |       |       |       |     2 |       |       |       |       |     4 ||     6
       Pizza             |       |       |       |     1 |     3 |     1 |     1 |       |     1 ||     7
       Bread ration      |       |       |       |       |     3 |     1 |       |       |     3 ||     7
       Beef jerky        |       |       |       |       |     1 |     2 |     1 |       |     7 ||    11
       Meat ration       |       |       |       |       |       |     2 |     2 |     5 |    10 ||    19
Armor: Leather armour    |    63 |       |       |    78 |   205 |    14 |       |       |       ||   360
       Animal skin       |       |   176 |   141 |    88 |       |       |       |       |       ||   405
       Skin              |       |       |       |     5 |       |       |     2 |       |       ||     7
       Scale mail        |       |       |       |       |   139 |   641 |   140 |       |       ||   920
       Ring mail         |       |       |       |       |       |       |    27 |       |       ||    27
       Chain mail        |       |       |       |       |       |       |   321 |   570 |  1826 ||  2717
Dodge: Dodged            |    71 |   189 |   166 |   221 |   271 |   317 |   194 |   178 |   576 ||  2183
       Deflected         |       |       |       |     1 |    14 |    11 |    41 |    23 |    26 ||   116
Block: Other             |       |       |       |       |       |       |       |       |   285 ||   285
       Shield            |       |       |       |       |       |       |       |       |    21 ||    21
       Reflection        |       |       |       |       |       |       |       |       |    14 ||    14
       Rpst.: Scimitar   |       |       |       |     1 |    10 |       |       |       |       ||    11
       Great sword       |       |       |       |       |       |    24 |     4 |     5 |    86 ||   119
